 Dungeon Crawl Stone Soup version 0.31-a0-851-g7ff8af7976 (webtiles) character file.

Game seed: 7314719335800572498

1055 javelincjr the Sneak (level 8, -19/46 HPs)
             Began as an Octopode Hedge Wizard on Oct 5, 2023.
             Demolished by an orc warrior
             ... wielding a +0 hand axe
              (20 damage)
             ... on level 6 of the Dungeon.
             The game lasted 00:15:23 (4896 turns).

javelincjr the Sneak (Octopode Hedge Wizard)        Turns: 4896, Time: 00:15:24

Health: -19/46     AC:  1    Str:  9    XL:     8   Next: 26%
Magic:  12/15      EV: 19    Int: 18    God:
Gold:   390        SH:  0    Dex: 12    Spells: 10/17 levels left

rFire   . . .        u - +2 quarterstaff (chaos)
rCold   . . .        (shield currently unavailable)
rNeg    . . .        b - +0 hat
rPois   .            q - amulet of regeneration
rElec   .            n - +5 ring of evasion
rCorr   .            (no ring)
SInv    .            (no ring)
Will    .....        (no ring)
Stlth   ++++         (no ring)
HPRegen 1.07/turn    (no ring)
MPRegen 0.14/turn    (no ring)
                     (no ring)

%: no passive effects
@: no status effects
A: almost no armour, amphibious, 8 rings, camouflage 1, gelatinous body 1,
(nimble swimmer 1), tentacles
a: no special abilities


You were on level 6 of the Dungeon.
You visited 2 branches of the dungeon, and saw 7 of its levels.

You collected 390 gold pieces.

Inventory:

Hand Weapons
 a - a +0 dagger
 g - a +0 hand axe
 u - a +2 quarterstaff of chaos (weapon)
 D - a +2 broad axe of electrocution
Armour
 b - a +0 hat (worn)
Jewellery
 n - a +5 ring of evasion (left tentacle)
 p - an amulet of reflection
 q - an amulet of regeneration (around mantle)
 s - an amulet of the acrobat
Wands
 A - a wand of mindburst (4)
 B - a wand of iceblast (6)
Scrolls
 d - 3 scrolls of blinking {unknown}
 i - 9 scrolls of identify {unknown}
 j - 2 scrolls of revelation {unknown}
 o - a scroll of brand weapon {unknown}
 t - 3 scrolls of teleportation {unknown}
 w - a scroll of silence {unknown}
 x - a scroll of enchant weapon {unknown}
 y - a scroll of enchant armour {unknown}
 E - a scroll of amnesia {unknown}
Potions
 c - 3 potions of magic
 e - a potion of enlightenment {unknown}
 f - a potion of mutation {unknown}
 h - 4 potions of heal wounds {unknown}
 k - 3 potions of brilliance {unknown}
 l - 2 potions of attraction {unknown}
 m - a potion of degeneration {unknown}
 r - a potion of ambrosia {unknown}
 v - 3 potions of curing {unknown}
 z - a potion of haste {unknown}
 C - a potion of resistance {unknown}


   Skills:
 + Level 3.8 Dodging
 + Level 5.5 Stealth
 * Level 5.1 Spellcasting
 + Level 3.4 Conjurations
 + Level 3.3 Summonings
 + Level 3.2 Translocations
 + Level 2.7 Fire Magic


You had 10 spell levels left.
You knew the following spells:

 Your Spells              Type           Power      Damage    Failure   Level
a - Magic Dart            Conj           64%        1d6       3%          1
b - Call Imp              Summ           32%        N/A       4%          2
c - Blink                 Tloc           32%        N/A       5%          2
d - Scorch                Fire           28%        2d6       6%          2

Your spell library contained the following spells:

 Spells                   Type           Power      Damage    Failure   Level
 Slow                     Hex            16%        N/A       13%         1
 Cigotuvi's Dreadful Rot  Necr/Pois/Air  8%         N/A       21%         2
 Mephitic Cloud           Conj/Pois/Air  8%         N/A       24%         3
 Flame Wave               Conj/Fire      15%        2d7       36%         4
 Summon Cactus Giant      Summ           8%         N/A       99%         6


Dungeon Overview and Level Annotations

Branches:
Dungeon (6/15)             Temple (1/1) D:5

Altars:
Ashenzari
Fedhas
Gozag
Kikubaaqudgha
Makhleb
Nemelex Xobeh
Qazlal
Ru
Trog
Uskayaw
Vehumet
Wu Jian
Xom
Yredelemnul
The Shining One


Innate Abilities, Weirdness & Mutations

You cannot wear most types of armour.
You are amphibious.
You can wear up to eight rings at the same time.
Your skin changes colour to match your surroundings (Stealth+).
Your rubbery body absorbs attacks. (AC +1, EV +1)
((You are camouflaged when in or above water. (Stealth+)))
You have tentacles for arms and can constrict up to eight enemies at once.


Message History

Nothing appears to happen.
The orc warrior shouts!
The orc shouts!
Casting: Call Imp (safe; 4% risk of failure)
Confirm with . or Enter, or press ? or * to list all spells.
A tiny devil pulls itself out of the air.
You swap places.
The orc closely misses you.
Your cerulean imp closely misses the orc.
There is an open door here.
You hit the orc. You freeze the orc. Your grab misses the orc.
The orc is heavily wounded.
The orc barely misses you.
Your cerulean imp hits the orc from afar with a -3 spear.
You barely miss the orc. You grab the orc. You squeeze the orc.
You kill the orc!
Your cerulean imp barely misses the orc.
You closely miss the orc. Your grab misses the orc. The orc warrior misses you.
The orc hits you with a +0 whip.
Your cerulean imp hits the orc from afar with a -3 spear.
The orc hits you with a +0 whip. The orc warrior misses you.
You hit the orc. You freeze the orc.
You kill the orc!
Your cerulean imp hits the orc warrior from afar with a -3 spear.
The orc warrior hits you with a +0 hand axe!
Your cerulean imp closely misses the orc warrior.
Your magical contamination has completely faded away.
You hit the orc warrior.
The orc warrior suddenly seems more agile.
You grab the orc warrior.
The orc warrior is lightly wounded.
You constrict the orc warrior, but do no damage.
The orc warrior hits you with a +0 hand axe!
Your cerulean imp barely misses the orc warrior.
You hit the orc warrior.
The orc warrior seems to grow stronger.
The orc warrior is moderately wounded.
You constrict the orc warrior, but do no damage.
The orc warrior hits you with a +0 hand axe!
* * * LOW HITPOINT WARNING * * *
Your cerulean imp hits the orc warrior from afar with a -3 spear.
The orc warrior hits you with a +0 hand axe!!
You die...

#.#. #.#. ##### #.#.
.... #.#. ###... #.#.
≈≈≈~~ #.#. ####... #...
......o################.
......)@5........>....#.
.......##########.###.##
....... #.%........#.##
####### #.######.#.#.##
#.#............
#.#......#.#.##
#...####.#.#.#
##...######.#.#
###...........#.#


You could see an orc warrior (strong, agile, ally target) and a friendly
cerulean imp (summoned).

Vanquished Creatures
  Sigmund (D:3)
  A water moccasin (D:4)
  An ogre (D:5)
  A centaur (D:6)
  2 orc priests
  A hound (D:4)
  3 jellies (D:5)
  Crazy Yiuf (D:2)
  2 gnoll boudas
  2 iguanas (D:5)
  Ijyb (D:5)
  An orc wizard (D:3)
  3 adders
  4 gnolls
  An ufetubus (D:5)
  A worm (D:4)
  2 dart slugs
  8 orcs
  5 endoplasms
  4 giant cockroaches
  6 goblins
  4 hobgoblins
  2 jackals (D:1)
  5 kobolds
  3 quokkas
  5 ball pythons
  8 bats
  3 frilled lizards
  4 rats
85 creatures vanquished.

Vanquished Creatures (collateral kills)
  A howler monkey (D:6)
  A rat (D:3)
2 creatures vanquished.

Vanquished Creatures (others)
  A black bear (D:4)
1 creature vanquished.

Grand Total: 88 creatures vanquished

Notes
Turn   | Place    | Note
-------+----------+-------------------------------------------
     0 | D:1      | javelincjr the Octopode Hedge Wizard began the quest for
                  | the Orb.
     0 | D:1      | Reached XP level 1. HP: 11/11 MP: 4/4
   257 | D:1      | Reached XP level 2. HP: 17/17 MP: 6/6
   657 | D:1      | Reached XP level 3. HP: 21/21 MP: 7/7
  1127 | D:2      | Learned a level 2 spell: Call Imp
  1130 | D:2      | Learned a level 2 spell: Blink
  1417 | D:2      | Found a runed translucent door.
  1418 | D:2      | Noticed Crazy Yiuf
  1650 | D:2      | Killed Crazy Yiuf
  1651 | D:2      | Reached XP level 4. HP: 8/27 MP: 1/9
  1825 | D:3      | Reached XP level 5. HP: 19/31 MP: 10/10
  1960 | D:3      | Noticed Sigmund
  2313 | D:3      | Reached skill level 1 in Fire Magic
  2425 | D:3      | Learned a level 2 spell: Scorch
  2443 | D:3      | Killed Sigmund
  2444 | D:3      | Reached XP level 6. HP: 36/36 MP: 4/12
  2568 | D:4      | Noticed a black bear
  2575 | D:4      | Killed a black bear
  2773 | D:4      | Reached XP level 7. HP: 41/41 MP: 13/13
  3308 | D:5      | Entered Level 5 of the Dungeon
  3308 | D:5      | Noticed Ijyb
  3316 | D:5      | Killed Ijyb
  3530 | D:5      | Reached skill level 5 in Stealth
  3901 | D:5      | Found a stormy altar of Qazlal.
  3913 | D:5      | Reached XP level 8. HP: 46/46 MP: 7/15
  3980 | D:5      | Found a staircase to the Ecumenical Temple.
  3990 | Temple   | Entered the Ecumenical Temple
  4159 | D:5      | Reached skill level 5 in Spellcasting
  4489 | D:5      | Found a radiant altar of Vehumet.
  4635 | D:5      | Found an ornate altar of the Wu Jian Council.
  4896 | D:6      | HP: 1/46 [orc warrior/+0 hand axe (14)]
  4896 | D:6      | Demolished by an orc warrior

Illustrated notes

Levels and vault maps discovered:
D:1:      minmay_arrival_radiant_lines, layout_basic, minmay_three_crescents
D:2:      layout_basic, uniq_crazy_yiuf_cottage
D:3:      layout_basic, uniq_sigmund
D:4:      layout_loops_ring
D:5:      layout_cave_pods, nicolae_wu_jian_glorious_leap,
          nicolae_vehumet_radiance, kennysheep_mini_moat,
          minmay_temple_entry_junction, chequers_decorated_corner,
          hangedman_decor_opposing, nrook_mini_backslash, minmay_starry_boxes,
          uniq_ijyb
D:6:      layout_basic, serial_rivers, chequers_serial_rivers_micro_d,
          chequers_serial_rivers_small_b, chequers_serial_rivers_small_b,
          chequers_serial_rivers_micro_b, chequers_serial_rivers_micro_d,
          chequers_serial_rivers_micro_a
Temple:   nicolae_temple_godzebo

Skill      XL: |  1  2  3  4  5  6  7  8 |
---------------+-------------------------+-----
Stealth        | 3 4 5 |  5.5
Conjurations   | 2 3 |  3.4
Summonings     | 2 3 |  3.3
Translocations | 2 3 |  3.2
Fire Magic     | 1 2 |  2.7
Spellcasting   | 4 5 |  5.1
Dodging        | 3 |  3.8

Action                     |  1- 3 |  4- 6 |  7- 9 || total
---------------------------+-------+-------+-------++-------
  Melee: Dagger            |     8 |       |       ||     8
         Constrict         |    15 |     9 |    17 ||    41
         Hand axe          |    66 |       |       ||    66
         Tentacles         |     9 |     5 |    14 ||    28
         Punch             |     2 |     1 |       ||     3
         Quarterstaff      |       |    31 |    66 ||    97
  Throw: Stone             |    16 |       |       ||    16
   Cast: Magic Dart        |    23 |    19 |    19 ||    61
         Call Imp          |     2 |     9 |    17 ||    28
         Scorch            |       |     7 |     7 ||    14
         Blink             |       |       |     1 ||     1
   Stab: Sleeping          |    11 |     1 |     4 ||    16
         Distracted        |     1 |       |       ||     1
         Paralysed         |       |       |     2 ||     2
 Armour: Skin              |    25 |    19 |    30 ||    74
  Dodge: Dodged            |    74 |    40 |    76 ||   190
  Block: Other             |     3 |       |       ||     3

Table legend: (Time is in decaauts)
 A = Elapsed time spent in this place.
 B = Non-inter-level travel time spent in this place.
 C = Inter-level travel time spent in this place.
 D = Time resting spent in this place.
 E = Time spent auto-exploring this place.
 F = Levels seen in this place.
 G = Mean time per level.
                   A        B        C        D        E       F      G
               +--------+--------+--------+--------+--------+-----+--------+
         Total |   4945 |   4815 |    130 |     89 |   3766 |   7 |  706.4 |
       Dungeon |   4892 |   4762 |    130 |     89 |   3766 |   6 |  815.3 |
        Temple |     53 |     53 |      0 |      0 |      0 |   1 |   53.0 |
               +--------+--------+--------+--------+--------+-----+--------+

Top non-repeatable levels by time:
     D:5: 1239 daAuts
     D:1: 943 daAuts
     D:2: 841 daAuts
     D:4: 815 daAuts
     D:3: 808 daAuts
     D:6: 243 daAuts
  Temple: 53 daAuts
